 Dungeon Crawl Stone Soup version 0.30-a0-802-gb92711bcdf (webtiles) character file.

Game seed: 1607209285850611535

1217 Pimp the Shield-Bearer (level 8, -2/62 HPs)
             Began as a Human Fighter on Feb 24, 2023.
             Succumbed to Edmund's poison
             ... on level 6 of the Dungeon.
             The game lasted 00:15:18 (4862 turns).

Pimp the Shield-Bearer (Human Fighter)              Turns: 4862, Time: 00:15:19

Health: -2/62      AC:  7    Str: 24    XL:     8   Next: 75%
Magic:  2/2        EV: 10    Int:  8    God:
Gold:   219        SH:  5    Dex: 16    Spells: 7/7 levels left

rFire   + + .      SeeInvis .    j - +10 war axe of Quyzuse {antimagic, rC- rN++}
rCold   + . .      Faith    .    c - +0 buckler
rNeg    + + .      Spirit   .    g - +3 leather armour {rC+}
rPois   .          Reflect  .    (helmet restricted)
rElec   .          Harm     .    r - scarf {rC+ rF+}
rCorr   .          Rampage  .    q - +0 pair of gloves
Will    .....                    (no boots)
Stlth   +++                      (no amulet)
HPRegen 0.30/turn                f - ring of protection from fire
MPRegen 0.08/turn                s - +6 ring of strength

@: lethally poisoned (-2 -> -12), about to teleport, hasted, very quick
A: horns 1, camouflage 1, agile 1
a: no special abilities


You were on level 6 of the Dungeon.
You visited 1 branch of the dungeon, and saw 6 of its levels.

You collected 219 gold pieces.

Inventory:

Hand Weapons
 a - a +1 heavy long sword
 d - a +1 hammer of holy wrath
 j - the +10 war axe of Quyzuse (weapon) {antimagic, rC- rN++}
   (You found it on level 5 of the Dungeon)

   rC:        It makes you vulnerable to cold.
   rN:        It greatly protects you from negative energy.
Missiles
 l - 5 poisoned darts (quivered)
Armour
 b - a +0 scale mail
 c - a +0 buckler (worn)
 g - a +3 leather armour of cold resistance (worn)
 i - a +0 cloak
 q - a +0 pair of gloves (worn)
 r - a scarf of resistance (worn)
Jewellery
 f - a ring of protection from fire (left hand)
 s - a +6 ring of strength (right hand)
Wands
 n - a wand of charming (7)
 p - a wand of acid (5)
Scrolls
 k - 3 scrolls of identify
Potions
 o - a potion of magic
 u - 3 potions of flight


   Skills:
 + Level 5.3 Fighting
 - Level 3.8 Long Blades
 * Level 3.9 Axes
 + Level 5.2 Armour
 + Level 3.3 Stealth
 + Level 5.3 Shields


You had 7 spell levels left.
You didn't know any spells.
Your spell library contained the following spells:

 Spells                   Type           Power      Damage    Failure   Level
 Apportation              Tloc           0%         N/A       54%         1
 Beastly Appendage        Tmut           0%         N/A       54%         1
 Ozocubu's Armour         Ice            0%         N/A       88%         3
 Portal Projectile        Hex/Tloc       0%         N/A       88%         3
 Tukima's Dance           Hex            0%         N/A       88%         3
 Alistair's Intoxication  Tmut/Pois      0%         N/A       100%        5
 Blade Hands              Tmut           0%         N/A       100%        5
 Metabolic Englaciation   Hex/Ice        0%         N/A       100%        5
 Summon Mana Viper        Hex/Summ       0%         N/A       100%        5
 Simulacrum               Ice/Necr       0%         N/A       100%        6
 Haunt                    Necr/Summ      0%         N/A       100%        7
 Storm Form               Tmut/Air       0%         N/A       100%        7


Dungeon Overview and Level Annotations

Branches:
Dungeon (6/15)
 Temple: D:4-7

Altars:

Shops:
D:1 *   D:3 (


Innate Abilities, Weirdness & Mutations

You have a pair of small horns on your head.
Your skin changes colour to match your surroundings (Stealth+).
You are agile. (Dex +4, Str/Int -1)


Message History

You feel very sick. You block Edmund's attack.
You slash Edmund!
Edmund is severely wounded.
You feel very sick.
Edmund hits you with a +2 flail of venom!
You are more poisoned.
You hit Edmund.
Edmund is severely wounded.
You feel very sick.
Edmund hits you with a +2 flail of venom!
You are lethally poisoned!
You barely miss Edmund. You headbutt Edmund.
Edmund is almost dead.
* * * LOW HITPOINT WARNING * * *
You feel very sick. You block Edmund's attack.
* * * LOW HITPOINT WARNING * * *
You feel very sick.
You climb upwards.
* * * LOW HITPOINT WARNING * * *
You feel very sick.
There is a stone staircase leading down here.
You slash Edmund!
You kill Edmund!
* * * LOW HITPOINT WARNING * * *
You feel very sick.
There is a lethal amount of poison in your body!
There is a lethal amount of poison in your body!
Okay, then.
Okay, then.
Unknown command.
As you read the scroll of teleportation, it crumbles to dust.
You feel strangely unstable.
* * * LOW HITPOINT WARNING * * *
You feel sick.
* * * LOW HITPOINT WARNING * * *
You feel sick.
You climb downwards.
You die...

##### .....
....h.
############...#
#.h@)..o...)...#
#########..#...#
#).# .h. #..# ?
#{.# #..# #..#
#..# #..#


You could see a black bear and an orc wizard.

Vanquished Creatures
  Pikel (D:5)
  Edmund (D:5)
  An ice beast (D:5)
  An ogre (D:5)
  A hound (D:5)
  3 orc priests
  Crazy Yiuf (D:3)
  Natasha (twice) (D:4)
  An iguana (D:5)
  An orc wizard (D:3)
  7 adders
  An ufetubus (D:5)
  4 worms
  5 dart slugs
  16 orcs
  3 ball pythons
  7 bats
  12 endoplasms
  3 giant cockroaches
  11 goblins
  4 hobgoblins
  14 jackals
  5 quokkas
  4 frilled lizards
  8 kobolds
  8 rats
125 creatures vanquished.

Vanquished Creatures (others)
  2 plants (D:2)
2 creatures vanquished.

Grand Total: 127 creatures vanquished

Notes
Turn   | Place    | Note
-------+----------+-------------------------------------------
     0 | D:1      | Pimp the Human Fighter began the quest for the Orb.
     0 | D:1      | Reached XP level 1. HP: 18/18 MP: 1/1
   162 | D:1      | Reached XP level 2. HP: 24/24 MP: 2/2
   341 | D:1      | Found Buod's General Store.
   378 | D:1      | Reached XP level 3. HP: 14/29 MP: 3/3
  1012 | D:2      | Reached XP level 4. HP: 21/35 MP: 4/4
  1517 | D:2      | Reached XP level 5. HP: 40/42 MP: 5/5
  2094 | D:3      | Found Imonloats's Antique Weapon Emporium.
  2117 | D:3      | Gained mutation: You have hidden genetic potential. [potion
                  | of mutation]
  2117 | D:3      | Gained mutation: You have a pair of small horns on your
                  | head. [potion of mutation]
  2515 | D:3      | Reached XP level 6. HP: 7/48 MP: 6/6
  2518 | D:3      | HP: 2/48 [orc wizard/+1 dagger of pain (2)]
  2528 | D:3      | Gained mutation: Your skin changes colour to match your
                  | surroundings (Stealth+). [hidden potential]
  2756 | D:3      | Found a faded altar of an unknown god.
  2793 | D:3      | Found a runed translucent door.
  2794 | D:3      | Noticed Crazy Yiuf
  3254 | D:3      | Killed Crazy Yiuf
  3331 | D:4      | Noticed Natasha
  3337 | D:4      | Killed Natasha
  3607 | D:4      | Noticed Natasha
  3612 | D:4      | Killed Natasha
  3713 | D:4      | Reached skill level 1 in Stealth
  3713 | D:4      | Reached XP level 7. HP: 46/55 MP: 7/7
  3839 | D:5      | Entered Level 5 of the Dungeon
  3878 | D:5      | Identified the +10 war axe of Quyzuse {antimagic, rC- rN++}
  3917 | D:5      | Noticed Pikel
  3924 | D:5      | Killed Pikel
  3925 | D:5      | Reached skill level 5 in Shields
  3925 | D:5      | Reached XP level 8. HP: 53/61 MP: 2/8
  3930 | D:5      | Gained mutation: You are agile. (Dex +4, Str/Int -1)
                  | [hidden potential]
  3930 | D:5      | Lost mutation: You have hidden genetic potential. [hidden
                  | potential expressed]
  3982 | D:5      | Got Walojalo's Folio of Phantasms and Reformation
  4007 | D:5      | Reached skill level 5 in Fighting
  4007 | D:5      | Reached skill level 5 in Armour
  4651 | D:6      | Noticed Edmund
  4662 | D:6      | HP: 3/62 [poisoned by Edmund]
  4859 | D:5      | Killed Edmund
  4860 | D:5      | HP: 3/62 [poisoned by Edmund]
  4861 | D:5      | HP: 1/62 [poisoned by Edmund]
  4862 | D:6      | Succumbed to Edmund's poison

Illustrated notes

Levels and vault maps discovered:
D:1:      dpeg_arrival_tiny_i, layout_loops_ring, serial_shops, shop,
          patterned_corridor
D:2:      layout_loops_ring, kennysheep_decorative_pillar, minivault_27,
          serial_bayou_pond_d, st_stairs_11
D:3:      layout_rooms, hellmonk_ecumenical_altar_arch_garden, serial_shops,
          shop, uniq_crazy_yiuf_cottage
D:4:      layout_basic, nicolae_overflow_hallway_of_the_gods,
          minmay_strange_pillars, uniq_natasha
D:5:      layout_basic, kennysheep_generic_room_11, uniq_pikel
D:6:      layout_loops_ring, minmay_temple_entry_statues_pillars,
          roderic_batcave, grunt_decor_fettered, uniq_grinder, uniq_edmund

Skill      XL: |  1  2  3  4  5  6  7  8 |
---------------+-------------------------+-----
Long Blades    | 3 |  3.8
Shields        | 4 5 |  5.3
Fighting       | 4 5 |  5.3
Armour         | 4 5 |  5.2
Stealth        | 1 2 3 |  3.3
Axes           | 2 3 |  3.9

Action                     |  1- 3 |  4- 6 |  7- 9 || total
---------------------------+-------+-------+-------++-------
  Melee: Long sword        |   139 |   242 |    16 ||   397
         Headbutt          |       |    14 |     4 ||    18
         War axe           |       |       |    32 ||    32
    Use: Scroll            |       |     7 |     2 ||     9
         Potion            |       |     8 |     3 ||    11
   Stab: Sleeping          |       |     1 |     3 ||     4
 Armour: Scale mail        |    93 |   107 |       ||   200
         Leather armour    |       |    86 |    10 ||    96
  Dodge: Dodged            |    77 |   206 |    17 ||   300
  Block: Buckler           |    36 |    90 |     9 ||   135

Table legend: (Time is in decaauts)
 A = Elapsed time spent in this place.
 B = Non-inter-level travel time spent in this place.
 C = Inter-level travel time spent in this place.
 D = Time resting spent in this place.
 E = Time spent auto-exploring this place.
 F = Levels seen in this place.
 G = Mean time per level.
                   A        B        C        D        E       F      G
               +--------+--------+--------+--------+--------+-----+--------+
         Total |   4985 |   4708 |    277 |    796 |   2519 |   6 |  830.8 |
       Dungeon |   4985 |   4708 |    277 |    796 |   2519 |   6 |  830.8 |
               +--------+--------+--------+--------+--------+-----+--------+

Top non-repeatable levels by time:
     D:2: 1326 daAuts
     D:3: 1139 daAuts
     D:1: 1017 daAuts
     D:5: 977 daAuts
     D:4: 492 daAuts
     D:6: 32 daAuts
